 Dungeon Crawl Stone Soup version 0.27.1-35-g4d5d836560 (webtiles) character file.

Game seed: 1393119087089372313

67 cbfl8 the Slasher (level 3, -10/33 HPs)
             Began as a Minotaur Monk on Apr 23, 2022.
             Killed by nerve-wracking pain
             ... invoked by Grinder
              (11 damage)
             ... on level 2 of the Dungeon on Apr 28, 2022.
             The game lasted 00:11:06 (3431 turns).

cbfl8 the Slasher (Minotaur Monk)                   Turns: 3431, Time: 00:11:06

Health: -10/33     AC:  8    Str: 16    XL:     3   Next: 98%
Magic:  2/2        EV:  7    Int:  7    God:
Gold:   89         SH:  0    Dex: 12    Spells: 2/2 levels left

rFire    . . .     SeeInvis .   a - +0 falchion
rCold    . . .     Faith    .   (no shield)
rNeg     . . .     Spirit   .   g - +0 chain mail
rPois    .         Reflect  .   (helmet restricted)
rElec    .         Harm     .   (no cloak)
rCorr    .         Rampage  .   (no gloves)
Will     .....                  (no boots)
Stlth    ..........             (no amulet)
HPRegen  0.11/turn              (no ring)
MPRegen  0.08/turn              (no ring)

@: no status effects
A: horns 2, retaliatory headbutt
a: no special abilities


You were on level 2 of the Dungeon.
You visited 1 branch of the dungeon, and saw 3 of its levels.

You collected 89 gold pieces.

Inventory:

Hand Weapons
 a - a +0 falchion (weapon)
Missiles
 d - 16 arrows
Armour
 b - a +0 robe
 g - a +0 chain mail (worn)
Scrolls
 k - 2 scrolls of amnesia
 l - a scroll of enchant weapon
 o - a scroll of noise {unknown}
Potions
 c - a potion of magic {unknown}
 h - 2 potions of heal wounds {unknown}
 j - a potion of lignification {unknown}
 m - a potion of ambrosia {unknown}
 n - a potion of invisibility {unknown}


   Skills:
 + Level 4.1 Fighting
 + Level 4.5 Long Blades
 + Level 1.2 Armour
 + Level 3.9 Dodging
 + Level 1.9 Stealth


You had 2 spell levels left.
You didn't know any spells.
Your spell library was empty.

Dungeon Overview and Level Annotations

Branches:
Dungeon (3/15)

Altars:

Annotations:
D:2 Grinder
D:3 Natasha, Robin, Sigmund


Innate Abilities, Weirdness & Mutations

You have a pair of horns on your head.
You reflexively headbutt those who attack you in melee.


Message History

You closely miss Grinder. Your headbutt misses Grinder.
Grinder is lightly wounded.
Grinder gestures at you.
You suddenly lose the ability to move!
Grinder hits you but does no damage.
You can move again.
You barely miss Grinder. You headbutt Grinder!
Grinder is moderately wounded.
Grinder closely misses you.
You riposte.
You barely miss Grinder. You headbutt Grinder!
Grinder is heavily wounded.
You closely miss Grinder.
Grinder is heavily wounded.
Grinder gestures at you.
You shrug off the repeated paralysis!
Grinder hits you but does no damage.
You hit Grinder.
Grinder is severely wounded.
Grinder hits you but does no damage.
You hit Grinder. Your headbutt misses Grinder.
Grinder is severely wounded.
Grinder hits you.
You writhe in agony.
You hit Grinder.
Grinder is severely wounded.
Grinder hits you but does no damage.
You closely miss Grinder.
Grinder is severely wounded.
Grinder hits you.
* * * LOW HITPOINT WARNING * * *
You writhe in agony.
* * * LOW HITPOINT WARNING * * *
You closely miss Grinder. Your headbutt misses Grinder.
Grinder is severely wounded.
Grinder barely misses you. You furiously retaliate!
You headbutt Grinder!
You riposte.
You closely miss Grinder. Your headbutt misses Grinder.
Grinder is almost dead.
You hit Grinder but do no damage.
Grinder is almost dead.
Grinder gestures at you. Pain shoots through your body!
You die...

#.#.#.......#####.#.#<...#
#...#.###.....# #.#.######
######.#.###.#.#.# #...#....#
.................# #...#.##.#
.......#...#.#...###..##.##.#
...........#.............##.#
##########.####.###.#[......#
##########......###.#############
.(.............5@................
##########...####.###############
#....# #.....##.#..............
##.#.# #.....##.#.############.
###.#.####.....'....# #####.
....#.)........##.### #...#.
###########....##.# #.#.## #
##..###.# #.#.## ########## ##.#
#.# #.#...


You could see Grinder.

Vanquished Creatures
  A hound skeleton (D:3)
  An adder (D:2)
  2 dart slugs
  2 ball pythons (D:1)
  7 bats (D:1)
  2 endoplasms
  2 giant cockroaches
  4 goblins
  7 hobgoblins
  3 kobolds
  2 quokkas
  2 frilled lizards
  3 rats (D:2)
38 creatures vanquished.

Notes
Turn   | Place    | Note
-------+----------+-------------------------------------------
     0 | D:1      | cbfl8 the Minotaur Monk began the quest for the Orb.
     0 | D:1      | Reached XP level 1. HP: 19/19 MP: 0/0
   508 | D:1      | Reached XP level 2. HP: 20/27 MP: 1/1
  1188 | D:1      | Found a faded altar of an unknown god.
  1811 | D:2      | Reached XP level 3. HP: 33/33 MP: 2/2
  2228 | D:2      | Reached skill level 1 in Armour
  2553 | D:3      | Noticed Sigmund
  2598 | D:3      | Noticed Natasha
  2962 | D:3      | Noticed Robin
  2963 | D:3      | Noticed Grinder
  2970 | D:2      | Paralysed by Grinder for 2 turns
  3422 | D:2      | Paralysed by Grinder for 2 turns
  3429 | D:2      | HP: 1/33 [Grinder (6)]
  3431 | D:2      | Killed from afar by Grinder

Illustrated notes

Levels and vault maps discovered:
D:1:      shiori_arrival_elements, layout_basic,
          hellmonk_ecumenical_altar_prayer_group, dk_noncrumbling_4,
          roderic_lattice_a, minmay_misc_feat_rows
D:2:      layout_basic, minmay_strange_pillars
D:3:      layout_basic, mainiacjoe_overflow_alcove_1, uniq_sigmund,
          uniq_crazy_yiuf_cottage, uniq_natasha, uniq_robin, uniq_grinder

Skill      XL: |  1  2  3 |
---------------+----------+-----
Long Blades    | 4 |  4.5
Fighting       | 4 |  4.1
Armour         | 1 |  1.2
Dodging        | |  3.9
Stealth        | |  1.9

Action                   || total
-------------------------++-------
Melee: Falchion          ||   110
       Headbutt          ||    16
  Use: Scroll            ||     4
       Potion            ||     2
Armor: Robe              ||     5
       Chain mail        ||    61
Dodge: Dodged            ||    56
       Rpst.: Falchion   ||    21
